PR
TULSA OTTERS @ TWINSBURG TIGERS
09/02/2041
 
TOP OF THE 1ST
Tulsa Otters batting - Pitching for Twinsburg Tigers : RHP Janghyun Han
Pitching: RHP Janghyun Han
Batting: RHB Chad Brown 0-0: Called Strike
0-1: Foul Ball, location: 2F
0-2: Ball
1-2: Strikes out swinging
Batting: LHB Alfredo Júlio 0-0: Ball
1-0: Ball
2-0: Ball
3-0: Base on Balls
Batting: LHB Cisco Gracía 0-0: Called Strike
0-1: Ball
1-1: Swinging Strike
1-2: Ball
Wild Pitch!
Alfredo Júlio to second
2-2: Foul Ball, location: 2F
2-2: Foul Ball, location: 2F
2-2: Foul Ball, location: 2F
2-2: TRIPLE (Flyball, 9LD, EV 109.4 MPH)
Alfredo Júlio scores
Batting: LHB Andrew Gray 0-0: Ball
1-0: Fly out, F7 (Flyball, 7S, EV 81.9 MPH)
Batting: RHB Jason Pruitt 0-0: Foul Ball, location: 2F
0-1: Called Strike
0-2: Foul Ball, location: 2F
0-2: Foul Ball, location: 2F
0-2: Fly out, F6 (Flyball, 6MD, EV 83.8 MPH)
Top of the 1st over - 1 run, 1 hit, 0 errors, 1 left on base; Tulsa 1 - Twinsburg 0
BOTTOM OF THE 1ST
Twinsburg Tigers batting - Pitching for Tulsa Otters : LHP Mike Ramírez
Pitching: LHP Mike Ramírez
Batting: RHB Henry McLaughlin 0-0: Ball
1-0: SINGLE (Line Drive, 8LS, EV 106.9 MPH)
Batting: RHB António Martínez 0-0: Called Strike
0-1: Foul Ball, location: 2F
0-2: Fly out, F4 (Flyball, 34D, EV 87.5 MPH)
Batting: RHB Ramón Suzuarregui 0-0: Ball
1-0: Called Strike
1-1: Fly out, F8 (Flyball, 8LXD, EV 103.8 MPH)
Batting: RHB Raúl Rosa 0-0: Ball
1-0: SINGLE (Groundball, 6, EV 99.4 MPH) (infield hit)
Henry McLaughlin to second
Batting: LHB Ray Winters 0-0: Ball
1-0: Called Strike
1-1: Ball
2-1: Swinging Strike
2-2: Ball
3-2: Base on Balls
Henry McLaughlin to third
Raúl Rosa to second
Batting: RHB Hun-hyeon Kang 0-0: Foul Ball, location: 2F
0-1: Ball
1-1: Ground out 4-3 (Groundball, 34, EV 90.0 MPH)
Bottom of the 1st over - 0 runs, 2 hits, 0 errors, 3 left on base; Tulsa 1 - Twinsburg 0
TOP OF THE 2ND
Tulsa Otters batting - Pitching for Twinsburg Tigers : RHP Janghyun Han
Batting: RHB Joe Goff 0-0: Ball
1-0: Ground out 1-3 (Groundball, 13S, EV 73.8 MPH)
Batting: LHB Andrew O'Reilly 0-0: Fly out, F8 (Flyball, 78S, EV 91.9 MPH)
Batting: RHB Millard King 0-0: SINGLE (Flyball, 9LS, EV 92.5 MPH)
Batting: RHB Kevin Jackson 0-0: Ball
1-0: Fly out, F3 (Popup, 23, EV 91.2 MPH)
Top of the 2nd over - 0 runs, 1 hit, 0 errors, 1 left on base; Tulsa 1 - Twinsburg 0
BOTTOM OF THE 2ND
Twinsburg Tigers batting - Pitching for Tulsa Otters : LHP Mike Ramírez
Batting: RHB Jacob Gray 0-0: Ball
1-0: Called Strike
1-1: Foul Ball, location: 2F
1-2: Foul Ball, location: 2F
1-2: Foul Ball, location: 2F
1-2: Strikes out swinging
Batting: RHB Alex Kelley 0-0: Called Strike
0-1: Swinging Strike
0-2: Ball
1-2: Ball
2-2: Ball
3-2: Base on Balls
Batting: LHB Bill Wilson 0-0: Called Strike
0-1: Fly out, F7 (Flyball, 7, EV 82.5 MPH)
Batting: RHB Henry McLaughlin 0-0: Called Strike
0-1: Ball
1-1: Foul Ball, location: 2F
1-2: Foul Ball, location: 2F
1-2: Foul Ball, location: 2F
1-2: Ground out 6-3 (Groundball, 6M, EV 88.8 MPH)
Bottom of the 2nd over - 0 runs, 0 hits, 0 errors, 1 left on base; Tulsa 1 - Twinsburg 0
TOP OF THE 3RD
Tulsa Otters batting - Pitching for Twinsburg Tigers : RHP Janghyun Han
Batting: RHB Chad Brown 0-0: Ball
1-0: Ball
2-0: Called Strike
2-1: Fly out, F7 (Line Drive, 7, EV 85.6 MPH)
Batting: LHB Alfredo Júlio 0-0: Ball
1-0: Called Strike
1-1: SINGLE (Line Drive, 4MD, EV 95.6 MPH)
Batting: LHB Cisco Gracía 0-0: Called Strike
0-1: Called Strike
0-2: Ball
1-2: SINGLE (Groundball, 4D, EV 100.6 MPH)
Alfredo Júlio to second
Runner from 2nd tries for 3rd, SAFE, throw by CF made to third
Batting: LHB Andrew Gray 0-0: Called Strike
0-1: Ball
1-1: Swinging Strike
1-2: Fly out, F8 (Flyball, 8LS, EV 89.4 MPH)
Batting: RHB Jason Pruitt 0-0: Ball
1-0: Called Strike
1-1: Foul Ball, location: 2F
1-2: Ball
2-2: DOUBLE (Line Drive, 7LM, EV 113.8 MPH)
Alfredo Júlio scores
Cisco Gracía to third
Runner from 3rd tries for Home, SAFE, no throw by LF
Batting: RHB Joe Goff 0-0: Ball
1-0: Fly out, F6 (Flyball, 4MD, EV 84.4 MPH)
Top of the 3rd over - 2 runs, 3 hits, 0 errors, 1 left on base; Tulsa 3 - Twinsburg 0
BOTTOM OF THE 3RD
Twinsburg Tigers batting - Pitching for Tulsa Otters : LHP Mike Ramírez
Batting: RHB António Martínez 0-0: Ball
1-0: Ground out 6-3 (Groundball, 6D, EV 106.2 MPH)
Batting: RHB Ramón Suzuarregui 0-0: Foul Ball, location: 2F
0-1: Ball
1-1: Ball
2-1: Ball
3-1: Foul Ball, location: 2F
3-2: Fly out, F8 (Flyball, 8LD, EV 92.5 MPH)
Batting: RHB Raúl Rosa 0-0: Swinging Strike
0-1: Ball
1-1: Ball
2-1: Ball
3-1: Ground out 6-3 (Groundball, 56, EV 100.6 MPH)
Bottom of the 3rd over - 0 runs, 0 hits, 0 errors, 0 left on base; Tulsa 3 - Twinsburg 0
TOP OF THE 4TH
Tulsa Otters batting - Pitching for Twinsburg Tigers : RHP Janghyun Han
Batting: LHB Andrew O'Reilly 0-0: Ball
1-0: Foul Ball, location: 2F
1-1: Ground out 1-4-3 (Groundball, 15S, EV 103.8 MPH)
Batting: RHB Millard King 0-0: SINGLE (Flyball, 4D, EV 95.6 MPH)
Batting: RHB Kevin Jackson 0-0: Swinging Strike
0-1: Ball
1-1: Ground out 5-3 (Groundball, 56S, EV 68.8 MPH)
Millard King to second
Batting: RHB Chad Brown 0-0: Foul Ball, location: 2F
0-1: Called Strike
0-2: Strikes out swinging
Top of the 4th over - 0 runs, 1 hit, 0 errors, 1 left on base; Tulsa 3 - Twinsburg 0
BOTTOM OF THE 4TH
Twinsburg Tigers batting - Pitching for Tulsa Otters : LHP Mike Ramírez
Batting: LHB Ray Winters 0-0: Called Strike
0-1: Foul Ball, location: 2F
0-2: Ball
1-2: Ball
2-2: SINGLE (Groundball, 3, EV 103.8 MPH) (infield hit)
Batting: RHB Hun-hyeon Kang 0-0: Ball
1-0: Ball
2-0: Called Strike
2-1: Fly out, F7 (Line Drive, 7, EV 86.9 MPH)
Batting: RHB Jacob Gray 0-0: Fielders Choice at 2nd, 6-4 (Groundball, 6, EV 99.4 MPH)
Batting: RHB Alex Kelley 0-0: Ball
1-0: Foul Ball, location: 2F
1-1: Foul Ball, location: 2F
1-2: Foul Ball, location: 2F
1-2: Foul Ball, location: 2F
1-2: TRIPLE (Groundball, 5L, EV 103.8 MPH)
Jacob Gray scores
Batting: LHB Bill Wilson 0-0: Foul Ball, location: 2F
0-1: Called Strike
0-2: Ball
1-2: Strikes out swinging
Bottom of the 4th over - 1 run, 2 hits, 0 errors, 1 left on base; Tulsa 3 - Twinsburg 1
TOP OF THE 5TH
Tulsa Otters batting - Pitching for Twinsburg Tigers : RHP Janghyun Han
Batting: LHB Alfredo Júlio 0-0: Called Strike
0-1: Ground out 6-3 (Groundball, 6, EV 103.1 MPH)
Batting: LHB Cisco Gracía 0-0: Called Strike
0-1: Called Strike
0-2: Ball
1-2: Strikes out swinging, 2-3 out at first.
Batting: LHB Andrew Gray 0-0: Foul Ball, location: 2F
0-1: Fly out, F8 (Flyball, 8RS, EV 83.1 MPH)
Top of the 5th over - 0 runs, 0 hits, 0 errors, 0 left on base; Tulsa 3 - Twinsburg 1
BOTTOM OF THE 5TH
Twinsburg Tigers batting - Pitching for Tulsa Otters : LHP Mike Ramírez
Batting: RHB Henry McLaughlin 0-0: Called Strike
0-1: Ball
1-1: Ball
2-1: Ball
3-1: Called Strike
3-2: Fly out, F8 (Flyball, 78D, EV 101.9 MPH)
Batting: RHB António Martínez 0-0: Foul Ball, location: 2F
0-1: Foul Ball, location: 2F
0-2: Hit by Pitch
Batting: RHB Ramón Suzuarregui 0-0: Ball
1-0: Called Strike
1-1: Called Strike
1-2: Foul Ball, location: 2F
1-2: Strikes out swinging
Batting: RHB Raúl Rosa 0-0: Called Strike
0-1: Ball
1-1: Ball
2-1: DOUBLE (Line Drive, 89D, EV 105.0 MPH)
António Martínez to third
Runner from 3rd tries for Home, SAFE, throw by CF to home
Batting: LHB Ray Winters 0-0: Called Strike
0-1: Ball
1-1: Foul Ball, location: 2F
1-2: Ball
2-2: Strikes out looking
Bottom of the 5th over - 1 run, 1 hit, 0 errors, 1 left on base; Tulsa 3 - Twinsburg 2
TOP OF THE 6TH
Tulsa Otters batting - Pitching for Twinsburg Tigers : RHP Janghyun Han
Batting: RHB Jason Pruitt 0-0: Called Strike
0-1: Swinging Strike
0-2: Foul Ball, location: 2F
0-2: Fly out, F4 (Line Drive, 4, EV 63.1 MPH)
Batting: RHB Joe Goff 0-0: Ball
1-0: Ball
2-0: Ball
3-0: Called Strike
3-1: Swinging Strike
3-2: DOUBLE (Groundball, 5L, EV 100.6 MPH)
Pitching: RHP Saadat Eristov
Batting: LHB Andrew O'Reilly 0-0: Ball
1-0: Ball
Wild Pitch!
Joe Goff to third
2-0: Ball
3-0: Base on Balls
Batting: RHB Millard King 0-0: Called Strike
0-1: Ball
1-1: Fly out, F8 (Flyball, 8LM, EV 90.6 MPH)
Runner from 3rd tags up, SCORES, throw by CF
Batting: RHB Kevin Jackson 0-0: Called Strike
0-1: Ball
1-1: Foul Ball, location: 2F
1-2: Ball
2-2: Strikes out swinging
Top of the 6th over - 1 run, 1 hit, 0 errors, 1 left on base; Tulsa 4 - Twinsburg 2
BOTTOM OF THE 6TH
Twinsburg Tigers batting - Pitching for Tulsa Otters : LHP Mike Ramírez
Batting: RHB Hun-hyeon Kang 0-0: Ball
1-0: SINGLE (Groundball, 6, EV 78.1 MPH) (infield hit)
Pitching: LHP Peter Bradley
Batting: RHB Jacob Gray 0-0: Ball
1-0: Sac Bunt to 15S - play at second, runner OUT! 1-6
Batting: RHB Alex Kelley 0-0: Called Strike
0-1: Fly out, F8 (Flyball, 8RM, EV 94.4 MPH)
Batting: LHB Bill Wilson 0-0: Swinging Strike
0-1: Foul Ball, location: 2F
0-2: Foul Ball, location: 2F
0-2: Foul Ball, location: 2F
0-2: Ball
1-2: Foul Ball, location: 2F
1-2: Fly out, F9 (Flyball, 9D, EV 107.5 MPH)
Bottom of the 6th over - 0 runs, 1 hit, 0 errors, 1 left on base; Tulsa 4 - Twinsburg 2
TOP OF THE 7TH
Tulsa Otters batting - Pitching for Twinsburg Tigers : RHP Saadat Eristov
Batting: RHB Chad Brown 0-0: Ball
1-0: Foul Ball, location: 2F
1-1: Swinging Strike
1-2: Strikes out swinging
Batting: LHB Alfredo Júlio 0-0: Called Strike
0-1: Swinging Strike
0-2: Ball
1-2: Ball
2-2: Foul Ball, location: 2F
2-2: Ball
3-2: Fly out, F4 (Popup, 4D, EV 56.9 MPH)
Batting: LHB Cisco Gracía 0-0: Ball
1-0: Called Strike
1-1: Ball
2-1: Called Strike
2-2: Fly out, F8 (Flyball, 8LD, EV 99.4 MPH)
Top of the 7th over - 0 runs, 0 hits, 0 errors, 0 left on base; Tulsa 4 - Twinsburg 2
BOTTOM OF THE 7TH
Twinsburg Tigers batting - Pitching for Tulsa Otters : LHP Peter Bradley
Batting: RHB Henry McLaughlin 0-0: Called Strike
0-1: SINGLE (Groundball, 5D, EV 98.1 MPH)
Batting: RHB António Martínez 0-0: Bunted foul
0-1: Ball
1-1: Bunted foul
1-2: Ball
2-2: Grounds into double play, 6-4-3 (Groundball, 6, EV 88.8 MPH)
Batting: RHB Ramón Suzuarregui 0-0: Foul Ball, location: 2F
0-1: Ball
1-1: Fly out, F6 (Line Drive, 6, EV 63.1 MPH)
Bottom of the 7th over - 0 runs, 1 hit, 0 errors, 0 left on base; Tulsa 4 - Twinsburg 2
TOP OF THE 8TH
Tulsa Otters batting - Pitching for Twinsburg Tigers : RHP Saadat Eristov
Batting: LHB Andrew Gray 0-0: DOUBLE (Line Drive, 3D, EV 95.6 MPH)
Batting: RHB Jason Pruitt 0-0: Intentional Walk
Pitching: RHP Emery William
Batting: RHB Joe Goff 0-0: Sac Bunt to P - play at first, batter OUT! 1-3
Andrew Gray to third
Jason Pruitt to second
Batting: LHB Andrew O'Reilly 0-0: Ground out U3 (Groundball, 34, EV 80.6 MPH)
Batting: RHB Millard King 0-0: Foul Ball, location: 2F
0-1: SINGLE (Flyball, 9S, EV 88.1 MPH)
Andrew Gray scores
Jason Pruitt to third
Runner from 3rd tries for Home, SAFE, throw by RF to home
Batting: RHB Kevin Jackson 0-0: Ball
1-0: Ball
2-0: Ball
3-0: Called Strike
3-1: Fly out, F9 (Line Drive, 9, EV 106.9 MPH)
Top of the 8th over - 2 runs, 2 hits, 0 errors, 1 left on base; Tulsa 6 - Twinsburg 2
BOTTOM OF THE 8TH
Twinsburg Tigers batting - Pitching for Tulsa Otters : LHP Peter Bradley
Batting: RHB Raúl Rosa 0-0: Ball
1-0: Swinging Strike
1-1: Ball
2-1: Swinging Strike
2-2: Foul Ball, location: 2F
2-2: Strikes out looking
Batting: LHB Ray Winters 0-0: Ball
1-0: Foul Ball, location: 2F
1-1: Swinging Strike
1-2: Strikes out swinging
Batting: RHB Hun-hyeon Kang 0-0: Foul Ball, location: 2F
0-1: Ground out 5-3 (Groundball, 5, EV 93.8 MPH)
Bottom of the 8th over - 0 runs, 0 hits, 0 errors, 0 left on base; Tulsa 6 - Twinsburg 2
TOP OF THE 9TH
Tulsa Otters batting - Pitching for Twinsburg Tigers : RHP Emery William
Batting: RHB Chad Brown 0-0: Ball
1-0: Ball
2-0: Foul Ball, location: 2F
2-1: Foul Ball, location: 2F
2-2: Ball
3-2: Base on Balls
Pitching: RHP Héctor Villegas
Batting: LHB Alfredo Júlio 0-0: Swinging Strike
0-1: Foul Ball, location: 2F
0-2: Foul Ball, location: 2F
0-2: Ball
1-2: DOUBLE (Line Drive, 78D, EV 106.9 MPH)
Chad Brown to third
Runner from 3rd tries for Home, SAFE, no throw by LF
Batting: LHB Cisco Gracía 0-0: Called Strike
0-1: Ball
1-1: Ball
2-1: Swinging Strike
2-2: Strikes out swinging
Batting: LHB Andrew Gray 0-0: Ball
1-0: Called Strike
1-1: Ball
2-1: Ball
Alfredo Júlio steals 3rd base
3-1: Base on Balls
Batting: RHB Jason Pruitt 0-0: Called Strike
0-1: Called Strike
0-2: Foul Ball, location: 2F
0-2: Ball
1-2: Ball
Wild Pitch!
Alfredo Júlio scores
Andrew Gray to second
2-2: Ball
3-2: Foul Ball, location: 2F
3-2: Base on Balls
Batting: RHB Joe Goff 0-0: Fly out, F7 (Line Drive, 7, EV 101.9 MPH)
Batting: LHB Andrew O'Reilly 0-0: Called Strike
0-1: Called Strike
0-2: Strikes out swinging
Top of the 9th over - 2 runs, 1 hit, 0 errors, 2 left on base; Tulsa 8 - Twinsburg 2
BOTTOM OF THE 9TH
Twinsburg Tigers batting - Pitching for Tulsa Otters : LHP Peter Bradley
Batting: RHB Jacob Gray 0-0: Ball
1-0: Foul Ball, location: 2F
1-1: Ball
2-1: Ball
3-1: Ground out 5-3 (Groundball, 5, EV 88.8 MPH)
Batting: RHB Alex Kelley 0-0: Foul Ball, location: 2F
0-1: Foul Ball, location: 2F
0-2: Foul Ball, location: 2F
0-2: Ball
1-2: Strikes out swinging
Batting: LHB Bill Wilson 0-0: Called Strike
0-1: Swinging Strike
0-2: Ball
1-2: Foul Ball, location: 2F
1-2: Ball
2-2: SINGLE (Groundball, 4MD, EV 97.5 MPH)
Pitching: LHP Markus Magee
Batting: RHB Henry McLaughlin 0-0: Ball
1-0: Foul Ball, location: 2F
1-1: Ball
2-1: Ball
3-1: Swinging Strike
3-2: Strikes out looking
Bottom of the 9th over - 0 runs, 1 hit, 0 errors, 1 left on base; Tulsa 8 - Twinsburg 2
Tuesday, January 5th, 2021 - OOTP Baseball 20.8 Build 74